 Dungeon Crawl Stone Soup version 0.20.1-1-g8b1a95d (webtiles) character file.

490 equalderp2856 the Chopper (level 6, -6/47 HPs)
             Began as a Mummy Fighter on Oct 25, 2017.
             Mangled by Natasha (7 damage)
             ... on level 4 of the Dungeon.
             The game lasted 00:06:06 (4048 turns).

equalderp2856 the Chopper (Mummy Fighter)           Turns: 4048, Time: 00:06:06

Health: -6/47      AC:  8    Str: 19    XL:     6   Next: 90%
Magic:  9/9        EV:  7    Int: 10    God:
Gold:   143        SH:  9    Dex: 11    Spells: 10/10 levels left

rFire    x . .     SeeInvis .   a - +0 war axe
rCold    + . .     Gourm    .   c - +0 shield
rNeg     + + +     Faith    .   b - +0 scale mail
rPois    ∞         Spirit   .   n - +0 helmet
rElec    .         Reflect  .   (no cloak)
rCorr    .         Harm     .   (no gloves)
MR       .....                  (no boots)
Stlth    ..........             (no amulet)
Regen    0.2/turn               (no ring)
MPRegen  0.2/turn               (no ring)

@: no status effects
A: no food or potions, fire vulnerability, cold resistance 1, negative energy
resistance 3, torment resistance, unbreathing
a: no special abilities


You were on level 4 of the Dungeon.
You were not hungry.

You visited 1 branch of the dungeon, and saw 5 of its levels.
You also visited: Sewer.

You collected 143 gold pieces.

Inventory:

Hand Weapons
 a - a +0 war axe (weapon)
Armour
 b - a +0 scale mail (worn)
 c - a +0 shield (worn)
 n - a +0 helmet (worn)
Wands
 i - a wand of polymorph (5/24)
Scrolls
 d - 3 scrolls of identify {unknown}
 e - 3 scrolls of teleportation {unknown}
 f - a scroll of amnesia {unknown}
 g - a scroll of recharging {unknown}
 h - 5 scrolls of remove curse {unknown}
 j - 2 scrolls of fear {unknown}
 k - a scroll of noise {unknown}
 l - a scroll of magic mapping {unknown}
 m - a scroll of random uselessness {unknown}
 o - 4 scrolls of immolation {unknown}


   Skills:
 + Level 3.5 Fighting
 * Level 4.6 Axes
 + Level 3.2 Armour
 + Level 0.7 Dodging
 + Level 0.3 Stealth
 + Level 3.2 Shields
 * Level 2.5 Spellcasting


You had 10 spell levels left.
You didn't know any spells.

Dungeon Overview and Level Annotations

Branches:
Dungeon (5/15)
 Temple: D:4-7

Altars:
Zin

Annotations:
D:4 Natasha; angelAurora's ghost, amateur DrFE


Innate Abilities, Weirdness & Mutations

You do not eat or drink.
Your flesh is vulnerable to fire.
You are immune to poison.
Your flesh is cold resistant. (rC+)
You are immune to negative energy. (rN+++)
You are immune to unholy pain and torment.
You can survive without breathing.


Message History

You easily resist.
You slash Natasha!
Natasha is severely wounded.
The crimson imp disappears in a puff of smoke!
Natasha claws you.
* * * LOW HITPOINT WARNING * * *
You closely miss Natasha.
Natasha is severely wounded.
You block Natasha's attack. Natasha claws you!
* * * LOW HITPOINT WARNING * * *
You barely miss Natasha.
Natasha is severely wounded.
Natasha claws you but does no damage.
Unknown command.
You closely miss Natasha.
Natasha is severely wounded.
Natasha mumbles some strange words.
You feel troubled. Natasha claws you!
You die...

######## #......#
#......# #......#
########### #......#
#.........# #......#
#.(.....).# #.>....+
+.........' #..@...#
#.........#
#...h..###.........#
#......+.#.........#
#......#.#.........#
##..................
#...................
#.#.##.#.###########
#.#....#.#
#.######.#


You could see Natasha.

Vanquished Creatures
  3 big kobolds (Sewer)
  Natasha (D:4)
  A worker ant (D:4)
  Robin (D:3)
  8 adders
  2 river rats (D:3)
  A shadow imp (D:2)
  4 oozes
  4 worms
  3 dart slugs (D:1)
  4 leopard geckos
  3 bats
  8 giant cockroaches
  14 goblins
  9 hobgoblins
  4 jackals (D:2)
  A quokka (D:3)
  5 ball pythons
  A frilled lizard (D:1)
  6 kobolds
  13 rats
96 creatures vanquished.

Notes
Turn   | Place    | Note
-------+----------+-------------------------------------------
     0 | D:1      | equalderp2856 the Mummy Fighter began the quest for the Orb.
     0 | D:1      | Reached XP level 1. HP: 18/18 MP: 1/1
   146 | D:1      | Reached XP level 2. HP: 16/24 MP: 2/2
   531 | D:2      | Reached skill level 2 in Axes
   560 | D:2      | Reached XP level 3. HP: 7/29 MP: 3/3
  1287 | D:2      | Reached skill level 1 in Spellcasting
  1720 | D:2      | Reached XP level 4. HP: 35/35 MP: 5/5
  1978 | D:3      | Found a glowing drain.
  2037 | Sewer    | Entered a sewer
  2049 | Sewer    | Reached skill level 3 in Axes
  2053 | Sewer    | Reached XP level 5. HP: 5/41 MP: 7/7
  2586 | Sewer    | Reached skill level 4 in Axes
  2586 | Sewer    | Reached XP level 6. HP: 42/47 MP: 9/9
  3382 | D:4      | Found a glowing silver altar of Zin.
  3538 | D:4      | Noticed angelAurora's ghost (amateur DrFE)
  3571 | D:3      | Noticed Robin
  3595 | D:3      | Killed Robin
  3983 | D:4      | Noticed Natasha
  3984 | D:4      | Killed Natasha
  4019 | D:4      | Noticed Natasha
  4032 | D:5      | Entered Level 5 of the Dungeon
  4046 | D:4      | HP: 1/47 [Natasha (7)]
  4048 | D:4      | Mangled by Natasha

Skill      XL: |  1  2  3  4  5 |
---------------+----------------+-----
Axes           | 2 3 4 |  4.6
Spellcasting   | 1 2 |  2.5
Armour         | 3 |  3.2
Shields        | 3 |  3.2
Fighting       | |  3.5
Dodging        | |  0.7
Stealth        | |  0.3

Action                   |  1- 3 |  4- 6 || total
-------------------------+-------+-------++-------
Melee: War axe           |   136 |   261 ||   397
Armor: Scale mail        |    72 |   107 ||   179
Dodge: Dodged            |    44 |    87 ||   131
Block: Shield            |    71 |   144 ||   215
